 Dungeon Crawl Stone Soup version 0.31-a0-331-geda263fcf1 (webtiles) character file.

Game seed: 11077330891871804736

10 Dirtsage the Changeling (level 2, -10/19 HPs)
             Began as an Octopode Shapeshifter on July 19, 2023.
             Mangled by a gnoll
             ... wielding a +0 flail
              (13 damage)
             ... on level 1 of the Dungeon.
             The game lasted 00:00:37 (126 turns).

Dirtsage the Changeling (Octopode Shapeshifter)      Turns: 126, Time: 00:00:37

Health: -10/19     AC:  1    Str: 14    XL:     2   Next: 20%
Magic:  2/2        EV: 13    Int: 10    God:
Gold:   12         SH:  0    Dex: 12    Spells: 1/1 levels left

rFire   . .          .
                       - Unarmed
rCold   . . .        (no shield)
rNeg    . . .        (helmet currently unavailable)
rPois   .            (no amulet)
rElec   .            (no ring)
rCorr   .            (no ring)
SInv    .            (no ring)
Will    .....        (no ring)
Stlth   ++           (no ring)
HPRegen 0.23/turn    (no ring)
MPRegen 0.08/turn    (no ring)
                     (no ring)

%: no passive effects
@: beast-form
A: beast (slay +2), almost no armour, amphibious, 8 rings, camouflage 1,
gelatinous body 1, (nimble swimmer 1), tentacles
a: Begin Untransformation


You were on level 1 of the Dungeon.
You were a hulking beast.
You visited 1 branch of the dungeon, and saw 1 of its levels.

You collected 12 gold pieces.

Inventory:

Talismans
 b - a beast talisman
Scrolls
 d - a scroll of identify {unknown}
 e - a scroll of noise {unknown}
Potions
 a - a potion of lignification
 c - a potion of berserk rage {unknown}


   Skills:
 - Level 2.0 Fighting
 - Level 2.0 Dodging
 + Level 2.4 Unarmed Combat
 + Level 3.2 Shapeshifting


You had one spell level left.
You didn't know any spells.
Your spell library was empty.

Dungeon Overview and Level Annotations

Branches:
Dungeon (1/15)

Altars:


Innate Abilities, Weirdness & Mutations

You are a hulking beast.
Your limbs bulge with bestial killing power. (Slay +2)
You cannot wear most types of armour.
You are amphibious.
You can wear up to eight rings at the same time.
Your skin changes colour to match your surroundings (Stealth+).
Your rubbery body absorbs attacks. (AC +1, EV +1)
((You are camouflaged when in or above water. (Stealth+)))
You have tentacles for arms and can constrict up to eight enemies at once.


Message History

The dart slug is almost dead.
You constrict the dart slug.
You kill the dart slug!
A goblin comes into view. It is wielding a +0 club.
You have reached level 2!
You regained 2 hp, and now have 7/19 hp.
MP restored: 2 A goblin is nearby!
You tentacle-slap the endoplasm. You squeeze the endoplasm.
You kill the endoplasm!
The goblin misses you.
You tentacle-slap the goblin.
You kill the goblin!
You see here a +0 club.
Things that are here:
a +0 dagger; 3 stones You now have 12 gold pieces.
Things that are here:
a +0 dagger; 3 stones You see here a +0 club.
You see here a dart slug corpse.
d - a scroll labelled XUGHUB QUTAGRIET Health restored: 19
e - a scroll labelled LASTRU ZUMNESANG A gnoll comes into view.
It is wielding a +0 flail.
The gnoll shouts!
A gnoll is nearby!
The gnoll hits you with a +0 flail!
Ouch! That really hurt!
You take 10 damage, and have 9/19 hp.
MASSIVE DAMAGE!!
You closely miss the gnoll. You grab the gnoll. You constrict the gnoll.
The gnoll hits you with a +0 flail.
* * * LOW HITPOINT WARNING * * *
You take 6 damage, and have 3/19 hp.
MASSIVE DAMAGE!!
You tentacle-slap the gnoll.
The gnoll is lightly wounded.
You constrict the gnoll, but do no damage.
The gnoll hits you with a +0 flail!
Ouch! That really hurt!
You die...

#.#... .## #....##
...####.##..#
#..#.......##
#..........#
####.........#####
#................##.#.
###.##..............$...
....##.......$#.hg......
..............#.........
>...†.#.......#.........
......#.#.#####.........
)†...##.#.# ...####...
.)...#..... ..### ..
.....#...... ## .
..####....... #.........


You could see a gnoll.

Vanquished Creatures
  A dart slug (D:1)
  A ball python (D:1)
  An endoplasm (D:1)
  A goblin (D:1)
  A quokka (D:1)
  A frilled lizard (D:1)
  2 kobolds (D:1)
8 creatures vanquished.

Notes
Turn   | Place    | Note
-------+----------+-------------------------------------------
     0 | D:1      | Dirtsage the Octopode Shapeshifter began the quest for the
                  | Orb.
     0 | D:1      | Reached XP level 1. HP: 14/14 MP: 1/1
    45 | D:1      | Reached XP level 2. HP: 7/19 MP: 2/2
   126 | D:1      | Mangled by a gnoll

Illustrated notes

Levels and vault maps discovered:
D:1:      dpeg_arrival_rooms_with_view, layout_rooms

Action                     || total
---------------------------++-------
  Melee: Unarmed           ||    13
         Constrict         ||     3
         Tentacles         ||     1
 Armour: Skin              ||     1
  Dodge: Dodged            ||     4

Table legend: (Time is in decaauts)
 A = Elapsed time spent in this place.
 B = Non-inter-level travel time spent in this place.
 C = Inter-level travel time spent in this place.
 D = Time resting spent in this place.
 E = Time spent auto-exploring this place.
 F = Levels seen in this place.
 G = Mean time per level.
                   A        B        C        D        E       F      G
               +--------+--------+--------+--------+--------+-----+--------+
         Total |    125 |    125 |      0 |      0 |     82 |   1 |  125.0 |
       Dungeon |    125 |    125 |      0 |      0 |     82 |   1 |  125.0 |
               +--------+--------+--------+--------+--------+-----+--------+

Top non-repeatable levels by time:
     D:1: 125 daAuts
